 Dungeon Crawl Stone Soup version 0.26.0-45-g9c1d065592 (webtiles) character file.

Game seed: 99213858505790069

(classic levelgen) 4179 thiole the Blocker (level 10, -9/66 HPs)
             Began as an Octopode Venom Mage on Jan 30, 2021.
             Was an Initiate of Gozag.
             Hit by a large rock thrown by a cyclops (24 damage)
             ... on level 9 of the Dungeon.
             The game lasted 00:27:19 (13270 turns).

thiole the Blocker (Octopode Venom Mage)           Turns: 13270, Time: 00:27:19

Health: -9/66      AC:  1    Str:  8    XL:     10   Next: 28%
Magic:  3/17       EV: 13    Int: 20    God:    Gozag
Gold:   381        SH:  0    Dex: 13    Spells: 6/19 levels left

rFire    . . .     SeeInvis .   x - +4 dagger
rCold    . . .     Faith    .   (no shield)
rNeg     . . .     Spirit   .   (helmet restricted)
rPois    .         Reflect  .   (no amulet)
rElec    .         Harm     .   (no ring)
rCorr    .         Rampage  .   (no ring)
Will     .....                  (no ring)
Stlth    +++.......             (no ring)
HPRegen  0.21/turn              (no ring)
MPRegen  0.15/turn              (no ring)
                                (no ring)
                                (no ring)

@: no status effects
A: almost no armour, stealthy swim, amphibious, 8 rings, constrict 8, camouflage
1, gelatinous body 1
a: Renounce Religion, Potion Petition, Call Merchant, Bribe Branch


You were on level 9 of the Dungeon.
You worshipped Gozag.
Gozag was aware of your devotion.
You visited 2 branches of the dungeon, and saw 10 of its levels.
You also visited: Sewer.

You collected 494 gold pieces.
You paid 113 gold pieces to Gozag.

Inventory:

Hand Weapons
 l - a +0 hunting sling
 x - a +4 dagger (weapon)
 D - a +4 spear of venom
Missiles
 f - 106 sling bullets
 m - 176 stones
Armour
 n - a +0 kite shield
Jewellery
 g - an uncursed ring of protection from cold {unknown}
 G - an uncursed ring of flight {unknown}
Wands
 b - a wand of paralysis (5)
 y - a wand of disintegration (12)
 E - a wand of iceblast (8)
Scrolls
 a - 2 scrolls of immolation {unknown}
 c - 4 scrolls of fog {unknown}
 d - a scroll of noise {unknown}
 h - 5 scrolls of teleportation {unknown}
 i - 2 scrolls of amnesia {unknown}
 j - 8 scrolls of identify {unknown}
 k - 6 scrolls of remove curse {unknown}
 o - 2 scrolls of fear {unknown}
 t - 3 scrolls of blinking {unknown}
 u - 2 scrolls of magic mapping {unknown}
 w - 2 scrolls of enchant weapon {unknown}
 B - 2 scrolls of enchant armour {unknown}
Potions
 e - 5 potions of flight
 p - 3 potions of might {unknown}
 q - 2 potions of heal wounds {unknown}
 r - a potion of haste
 s - 3 potions of curing
 v - 3 potions of cancellation {unknown}
 z - a potion of magic {unknown}
 A - a potion of attraction {unknown}
 C - a potion of resistance {unknown}
 F - a potion of ambrosia {unknown}


   Skills:
 + Level 5.5 Fighting
 - Level 2.0 Dodging
 - Level 2.6 Stealth
 + Level 8.1 Shields
 - Level 5.0 Spellcasting
 - Level 3.0 Conjurations
 - Level 2.0 Transmutations
 - Level 4.0 Fire Magic
 - Level 4.0 Air Magic
 + Level 1.9 Earth Magic
 - Level 7.0 Poison Magic
 - Level 3.0 Evocations


You had 6 spell levels left.
You knew the following spells:

 Your Spells              Type           Power        Failure   Level
a - Sting                 Tmut/Pois      92%          1%          1
b - Mephitic Cloud        Conj/Pois/Air  23%          5%          3
c - Ignite Poison         Fire/Tmut/Pois 22%          6%          3
d - Olgreb's Toxic Radia  Pois           33%          6%          4
e - Passwall              Tmut/Erth      10%          8%          2

Your spell library contained the following spells:

 Spells                   Type           Power        Failure   Level
 Poisonous Vapours        Pois/Air       54%          1%          2
 Sandblast                Erth           24%          5%          1
 Stone Arrow              Conj/Erth      28%          13%         3
 Petrify                  Tmut/Erth      12%          45%         4
 Lee's Rapid Deconstruct  Erth           6%           82%         5


Dungeon Overview and Level Annotations

Branches:
Dungeon (9/15)             Temple (1/1) D:7           Sewer (visited)
   Lair: D:8-11         Orc: D:9-12

Altars:
Ashenzari
Cheibriados
Dithmenos
Elyvilon
Fedhas
Gozag
Hepliaklqana
Kikubaaqudgha
Makhleb
Nemelex Xobeh
Okawaru
Qazlal
Ru
Sif Muna
Trog
Uskayaw
Vehumet
Wu Jian
Xom
Yredelemnul
The Shining One
Jiyva

Shops:
D:7 :


Innate Abilities, Weirdness & Mutations

You cannot wear most types of armour.
You are very stealthy in the water. (Stealth+)
You are amphibious.
You can wear up to eight rings at the same time.
You can use your tentacles to constrict eight enemies at once.
Your skin changes colour to match your surroundings (Stealth+).
Your rubbery body absorbs attacks. (AC +1, EV +1)


Message History

Okay, then.
Your toxic aura wanes.
The cyclops throws a large rock.
The large rock hits you.
* * * LOW HITPOINT WARNING * * *
You see here a large rock.
Casting: Ignite Poison (dangerous; 6% risk of failure)
Confirm with . or Enter, or press ? or * to list all spells.
You begin to radiate toxic energy.
The cyclops looks even sicker.
The cyclops throws a large rock.
The large rock completely misses you.
Casting: Olgreb's Toxic Radiance (dangerous; 6% risk of failure)
Confirm with . or Enter, or press ? or * to list all spells.
You don't have enough magic to cast that spell.
Aiming: Disintegrate
Press: ? - help, Shift-Dir - straight line, f - cyclops
Aim: a cyclops, quivering a large rock (severely wounded, very poisoned, chance to affect: 62%)
The cyclops resists with significant effort.
Your toxic aura wanes.
The cyclops throws a large rock.
The large rock hits you!!
You die...
Your body crumbles into a pile of gold.

###..........#
#...........# #.##
##...........# #...##
#...........# #......
.......).)).# .......
............## ##.......
.............###......C.
..............#.........
..........##....@.......
..........###..(......##
..[......## ###.....###
......# ##.#### ....#
#.# .## ..# .## .


You could see a cyclops (very poisoned).

Vanquished Creatures
  A soldier ant (D:9)
  Edmund (D:6)
  An orc warrior (D:7)
  2 ice beasts
  2 phantoms (D:7)
  A sky beast (D:7)
  3 eyes of draining (D:5)
  5 ogres
  A centaur (D:7)
  4 big kobolds
  3 gnoll sergeants
  3 bullfrogs (D:6)
  2 scorpions
  10 killer bees
  3 wights (D:7)
  2 howler monkeys
  3 bullfrog zombies
  A hound (D:5)
  A quasit (D:6)
  3 jellies
  An orc priest (D:7)
  A centaur skeleton (D:4)
  Ijyb (D:4)
  3 iguanas
  10 orc wizards
  5 worker ants
  A killer bee zombie (D:8)
  A worker ant zombie (D:6)
  12 adders
  11 gnolls
  2 shadow imps
  4 white imps
  2 ufetubi
  4 oozes
  5 worms
  4 dart slugs
  2 leopard geckos
  24 orcs
  2 giant cockroaches
  10 goblins
  9 hobgoblins
  8 jackals
  3 quokkas
  2 ball pythons
  7 bats
  5 frilled lizards
  A giant cockroach zombie (D:6)
  13 kobolds
  3 leopard gecko skeletons
  A quokka zombie (D:5)
  7 rats
216 creatures vanquished.

Vanquished Creatures (others)
  A quokka (D:6)
1 creature vanquished.

Grand Total: 217 creatures vanquished

Notes
Turn   | Place    | Note
-------+----------+-------------------------------------------
     0 | D:1      | thiole the Octopode Venom Mage began the quest for the Orb.
     0 | D:1      | Reached XP level 1. HP: 11/11 MP: 3/3
   362 | D:1      | Reached skill level 1 in Fighting
   362 | D:1      | Reached XP level 2. HP: 9/18 MP: 0/5
   997 | D:1      | Reached XP level 3. HP: 24/24 MP: 3/6
  1010 | D:1      | Reached skill level 1 in Fire Magic
  1504 | D:2      | Found a radiant altar of Vehumet.
  1611 | D:2      | Found an ancient bone altar of Kikubaaqudgha.
  1622 | D:2      | Reached XP level 4. HP: 19/29 MP: 0/7
  1844 | D:2      | Found an iron altar of Okawaru.
  2447 | D:3      | Found a broken altar of Ashenzari.
  2993 | D:4      | Noticed an ogre
  3069 | D:4      | Killed an ogre
  3070 | D:4      | Reached skill level 1 in Shields
  3070 | D:4      | Reached XP level 5. HP: 14/36 MP: 2/9
  3080 | D:4      | Noticed Ijyb
  3085 | D:4      | Paralysed by Ijyb for 4 turns
  3103 | D:4      | Killed Ijyb
  3104 | D:4      | Reached skill level 2 in Shields
  3165 | D:4      | Reached XP level 6. HP: 21/42 MP: 2/10
  3309 | D:4      | Found a glowing drain.
  3332 | Sewer    | Entered a sewer
  4050 | Sewer    | Reached skill level 3 in Shields
  4054 | Sewer    | Reached XP level 7. HP: 17/48 MP: 0/11
  4450 | Sewer    | Reached skill level 4 in Shields
  4752 | D:4      | Learned a level 3 spell: Mephitic Cloud
  4756 | D:4      | Learned a level 3 spell: Ignite Poison
  4761 | D:4      | Learned a level 4 spell: Olgreb's Toxic Radiance
  4902 | D:4      | Found an ornate altar of the Wu Jian Council.
  5671 | D:5      | Entered Level 5 of the Dungeon
  5684 | D:4      | Reached skill level 5 in Fighting
  5975 | D:5      | Reached skill level 5 in Shields
  5975 | D:5      | Reached skill level 5 in Poison Magic
  6076 | D:5      | Reached XP level 8. HP: 25/55 MP: 12/12
  6836 | D:5      | Found a broken altar of Ashenzari.
  7299 | D:5      | Found a bloodstained altar of Trog.
  8033 | D:6      | Found a snail-covered altar of Cheibriados.
  8073 | D:6      | Reached XP level 9. HP: 60/61 MP: 0/14
  8104 | D:6      | Noticed Edmund
  8119 | D:6      | Killed Edmund
  8232 | D:6      | Found a white marble altar of Elyvilon.
  8562 | D:6      | Reached skill level 5 in Spellcasting
  9367 | D:7      | Reached skill level 6 in Shields
  9791 | D:7      | Reached skill level 7 in Shields
 10341 | D:7      | Reached skill level 8 in Shields
 10543 | D:7      | Reached skill level 1 in Conjurations
 10721 | D:7      | Reached XP level 10. HP: 52/66 MP: 5/17
 10736 | D:7      | Reached skill level 1 in Evocations
 10940 | D:7      | Found Zaitas's Book Shoppe.
 11086 | D:7      | Found a staircase to the Ecumenical Temple.
 11092 | Temple   | Entered the Ecumenical Temple
 11494 | D:8      | Learned a level 2 spell: Passwall
 12159 | D:8      | Found a broken altar of Ashenzari.
 12162 | D:8      | Found an opulent altar of Gozag.
 12165 | D:8      | Became a worshipper of Gozag Ym Sagoz the Greedy
 12167 | D:8      | Found a hazy altar of Hepliaklqana.
 12402 | D:8      | Reached skill level 1 in Earth Magic
 13263 | D:9      | Noticed a cyclops
 13270 | D:9      | Hit by a large rock thrown by a cyclops

Illustrated notes

Levels and vault maps discovered:
D:1:      minmay_arrival_doors, layout_loops_cross, minivault_4
D:2:      layout_rooms, vehumet_crystals, marbit_many_paths, okawaru_trees_1
D:3:      layout_loops_cross, kennysheep_flooded_box
D:4:      layout_basic, lemuel_crystal_altar, cheibrodos_sewer_entry_sluice,
          minivault_27, uniq_ijyb, uniq_crazy_yiuf_cottage
D:5:      minmay_evil_eye, layout_basic, trog_eyes_of_draining,
          ashenzari_altar_1
D:6:      layout_cave_pools, elyvilon_altar_4, slow_altar_1, uniq_edmund
D:7:      layout_basic, minmay_temple_entry_fiery, serial_shops,
          nicolae_shop_crystal
D:8:      layout_basic, minitemple
D:9:      layout_cave_pods, overflow_temple_1_default, st_stairs_13, uniq_erica
Temple:   pf_slime_end_temple

Skill      XL: |  1  2  3  4  5  6  7  8  9 10 |
---------------+-------------------------------+-----
Poison Magic   | 4 5 7 |  7.0
Fighting       | 1 2 3 4 5 |  5.5
Fire Magic     | 2 4 |  4.0
Spellcasting   | 3 5 |  5.0
Shields        | 1 2 3 5 8 |  8.1
Air Magic      | 4 |  4.0
Conjurations   | 3 |  3.0
Transmutations | 2 |  2.0
Evocations     | 3 |  3.0
Earth Magic    | 1 |  1.9
Dodging        | |  2.0
Stealth        | |  2.6

Action                   |  1- 3 |  4- 6 |  7- 9 | 10-12 || total
-------------------------+-------+-------+-------+-------++-------
Melee: Unarmed           |    18 |    33 |    21 |       ||    72
       Constrict         |     4 |     4 |    35 |     7 ||    50
       Tentacles         |     4 |     5 |    37 |     4 ||    50
       Dagger            |       |       |   167 |    46 ||   213
 Cast: Sting             |    50 |   127 |    86 |     8 ||   271
       Ignite Poison     |       |       |    26 |    11 ||    37
       Olgreb's Toxic Ra |       |       |    36 |    16 ||    52
       Mephitic Cloud    |       |       |     8 |     1 ||     9
Evoke: Wand              |       |       |     3 |     3 ||     6
  Use: Potion            |       |     3 |     1 |       ||     4
 Stab: Sleeping          |     1 |       |     1 |     1 ||     3
       Paralysed         |       |       |     6 |       ||     6
Armor: Skin              |     1 |     9 |    15 |     3 ||    28
Dodge: Dodged            |    19 |    41 |   124 |    40 ||   224
